 Dungeon Crawl Stone Soup version 0.21-a0-258-g4c0eb85 (webtiles) character file.

3540 zircondrogin the Carver (level 10, -12/84 HPs)
             Began as a Vine Stalker Artificer on Sept 7, 2017.
             Was a High Priest of Ru.
             Killed from afar by Erolcha (23 damage)
             ... with a bolt of lightning
             ... on level 10 of the Dungeon.
             The game lasted 00:37:20 (8478 turns).

zircondrogin the Carver (Vine Stalker Artificer)    Turns: 8478, Time: 00:37:21

Health: -12/84     AC: 10    Str: 22    XL:     10   Next: 8%
Magic:  0/16       EV: 11    Int: 18    God:    Ru [*****.]
Gold:   365        SH:  5    Dex: 15    Spells: 14/16 levels left

rFire    . . .     SeeInvis .   a - +2 scimitar (flame)
rCold    . . .     Gourm    .   E - +0 buckler
rNeg     . . .     Faith    .   o - +0 scale mail
rPois    .         Spirit   +   (no helmet)
rElec    .         Reflect  .   (no cloak)
rCorr    .         Harm     .   G - +0 pair of gloves
MR       +....     Rnd*Rage +   j - +2 pair of boots
Stlth    ..........             t - amulet of regeneration
HPRegen  1.04/turn              i - +6 ring of intelligence
MPRegen  0.15/turn              (no ring)

@: mighty, berserking, no potions, very slightly contaminated, very quick
A: fangs 3, berserk 1, regeneration 1, magic shield, antimagic bite, no potion
heal 3, rot immunity, inability to drink while threatened, no stealth, no ice
magic, no necromancy magic, no translocations magic, inexperienced 1
a: Draw Out Power, Power Leap, Apocalypse, Renounce Religion


You were on level 10 of the Dungeon.
You worshipped Ru.
Ru was extremely pleased with you.
You were not hungry.

You visited 1 branch of the dungeon, and saw 10 of its levels.
You visited the Abyss 1 time.

You collected 389 gold pieces.
You spent 24 gold pieces at shops.

Inventory:

Hand Weapons
 a - a +2 scimitar of flaming (weapon)
 M - a +0 long sword
Missiles
 F - 2 poisoned javelins (quivered)
 N - 2 throwing nets
Armour
 c - a +2 chain mail of positive energy
 j - a +2 pair of boots (worn)
 o - a +0 scale mail (worn)
 E - a +0 buckler (worn)
 G - a +0 pair of gloves (worn)
 T - the +5 leather armour of the Disturbing Wars {rPois Str+3, unknown}
   (You found it on level 1 of the Abyss)

   It affects your strength (+3).
   It protects you from poison.
Jewellery
 i - a +6 ring of intelligence (left hand)
 t - an amulet of regeneration (around neck)
Wands
 d - a wand of enslavement (12/24)
 e - a wand of random effects (0/48)
 p - a wand of paralysis (0/24)
 B - a wand of confusion (0/48)
 D - a wand of flame (13/48)
 P - a wand of polymorph (8/24)
 R - a wand of acid (0/15)
Scrolls
 x - 2 scrolls of fear
 y - 2 scrolls of magic mapping
 z - 2 scrolls of amnesia
 C - 3 scrolls of teleportation
 O - a scroll of remove curse
 S - a scroll of recharging {unknown}
Potions
 k - 2 potions of brilliance
 l - 3 potions of might
 m - a potion of cancellation
 n - 6 potions of curing
 q - a potion of magic {unknown}
 s - a potion of agility {unknown}
 u - 3 potions of ambrosia
 w - 4 potions of degeneration
 A - 2 potions of berserk rage
 H - a potion of haste
 Q - a potion of flight {unknown}
Books
 v - a book of Callings

   Spells                             Type                      Level
   a - Summon Small Mammal            Summoning                    1
   b - Call Imp                       Summoning                    2
   c - Call Canine Familiar           Summoning                    3
   d - Summon Guardian Golem          Hexes/Summoning              3
   e - Summon Lightning Spire         Summoning/Air                4
   f - Summon Ice Beast               Ice/Summoning                4
 J - a book of Air

   Spells                             Type                      Level
   a - Shock                          Conjuration/Air              1
   b - Swiftness                      Charms/Air                   2
   c - Static Discharge               Conjuration/Air              3
   d - Airstrike                      Air                          4
   e - Lightning Bolt                 Conjuration/Air              5
 L - a book of Party Tricks

   Spells                             Type                      Level
   a - Summon Butterflies             Summoning                    1
   b - Apportation                    Translocation                1
   c - Lesser Beckoning               Translocation                3
   d - Tukima's Dance                 Hexes                        3
   e - Alistair's Intoxication        Transmutation/Poison         5
   f - Invisibility                   Hexes                        6
Miscellaneous
 b - a sack of spiders
Comestibles
 f - 8 bread rations
 g - 33 fruits
 h - 3 meat rations
 r - a royal jelly


   Skills:
 + Level 7.9 Fighting
   Level 4.8(7.5) Short Blades
 * Level 9.0(9.5) Long Blades
 + Level 2.9 Dodging
 - Level 5.1 Shields
 + Level 3.7 Spellcasting
 - Level 2.3 Charms
 - Level 2.6 Air Magic
 - Level 6.1 Evocations


You had 14 spell levels left.
You knew the following spells:

 Your Spells              Type           Power        Failure   Level  Hunger
a - Swiftness             Chrm/Air       ##......     22%         2    ##.....


Dungeon Overview and Level Annotations

Branches:
Dungeon (10/15)            Temple (0/1) D:5             Orc (0/2) D:9
   Lair: D:8-11

Altars:
Cheibriados
Dithmenos
Ru
Sif Muna

Shops:
D:6 *   D:8 (

Annotations:
D:8 GlassEater's ghost, novice GrFi
D:10 Erolcha


Innate Abilities, Weirdness & Mutations

You have razor-sharp teeth.
Your natural rate of healing is unusually fast.
When hurt, damage is shared between your health and your magic reserves.
Your bite disrupts and absorbs the magic of your enemies.
Potions cannot restore your health.
You are immune to rotting.
You cannot drink potions while threatened.
You cannot be stealthy.
You cannot study or cast Ice magic.
You cannot study or cast Necromancy magic.
You cannot study or cast Translocations magic.
You are somewhat inexperienced. (-2 XL)
You tend to lose your temper in combat.


Message History

You redirect the large abomination's attack!
The large abomination hits the orc!
The orc dies!
You barely miss the large abomination. You bite the large abomination.
You drain its power.
You destroy the large abomination!
Your life force feels restored.
Your Long Blades skill increases to level 9!
The orc hits you from afar with a trident.
* * * LOW HITPOINT WARNING * * *
The orc wizard begins to cast a spell, but is stunned by your will!
You miss the orc wizard.
Unknown command.
Your scale mail prevents you from hitting the orc wizard.
You hear some strange, mumbled words.
A bolt of lightning appears from out of thin air!
The bolt of lightning hits you!
* * * LOW HITPOINT WARNING * * *
The bolt of lightning hits you!
You die...

#.....................
####..................
##..##............. #
#..####............ #.
##..## #............
#..##....####...........
##.......................
#.......##.....##........
...##...@##..###.........
. ####)o#..# ..........
#..o.###.......... ##...#
#......... ...........
#............
#..>..........
#.............


You could see an orc wizard and an orc.

Vanquished Creatures
  Erica (D:8)
  Harold (D:10)
  A death yak (D:10)
  A thrashing horror (Abyss:1)
  Pikel (D:7)
  An elephant (shapeshifter) (Abyss:1)
  Joseph (D:8)
  A large abomination (D:10)
  A small abomination (Abyss:1)
  4 yaks
  2 chaos spawn (Abyss:1)
  Menkaure (D:7)
  10 orc warriors
  4 phantoms
  4 sky beasts
  An ogre (D:10)
  4 centaurs
  3 big kobolds
  5 bullfrogs
  2 scorpions
  2 electric eels (D:9)
  6 howler monkeys
  3 crimson imps
  6 hounds
  5 orc priests
  2 bullfrog skeletons
  A bullfrog zombie (D:6)
  A centaur skeleton (D:7)
  2 jellies
  14 orc wizards
  Jessica (D:2)
  Terence (D:3)
  3 iguanas
  A hell rat (D:10)
  2 worker ants
  A howler monkey zombie (D:8)
  3 gnolls (D:7)
  13 adders
  2 adder skeletons
  A worm (D:2)
  5 dart slugs
  3 leopard geckos
  24 orcs
  5 giant cockroaches
  7 goblins
  6 hobgoblins (D:1)
  19 jackals
  13 kobolds
  5 quokkas
  A ball python (D:4)
  10 bats
  5 frilled lizards
  A jackal skeleton (D:4)
  A leopard gecko skeleton (D:6)
  9 rats
233 creatures vanquished.

Vanquished Creatures (collateral kills)
  An orc priest (D:6)
1 creature vanquished.

Vanquished Creatures (others)
  A yak (D:9)
  A howler monkey (D:4)
  An iguana (D:7)
  An adder (D:2)
  3 orcs
7 creatures vanquished.

Grand Total: 241 creatures vanquished

Notes
Turn   | Place    | Note
-------+----------+-------------------------------------------
     0 | D:1      | zircondrogin the Vine Stalker Artificer began the quest for the Orb.
     0 | D:1      | Reached XP level 1. HP: 9/9 MP: 3/3
    85 | D:1      | Reached skill level 1 in Short Blades
   233 | D:1      | Reached XP level 2. HP: 14/14 MP: 5/5
   269 | D:1      | Reached skill level 1 in Fighting
   406 | D:1      | Reached XP level 3. HP: 9/18 MP: 4/6
  1240 | D:2      | Gained mutation: Your natural rate of healing is unusually fast. [Vine Stalker growth]
  1240 | D:2      | Reached XP level 4. HP: 16/22 MP: 7/7
  1446 | D:2      | Noticed Jessica
  1449 | D:2      | Killed Jessica
  1745 | D:3      | Found a faded altar of an unknown god.
  1754 | D:3      | Became a worshipper of Ru the Awakened
  1775 | D:3      | Gained mutation: You cannot drink potions while threatened. [Ru sacrifice]
  1775 | D:3      | Reached * piety under Ru
  1809 | D:3      | Noticed Terence
  1813 | D:3      | Killed Terence
  1813 | D:3      | Reached XP level 5. HP: 26/26 MP: 8/8
  2073 | D:4      | Reached XP level 6. HP: 24/32 MP: 6/10
  2514 | D:4      | Found a snail-covered altar of Cheibriados.
  2914 | D:5      | Entered Level 5 of the Dungeon
  2937 | D:5      | Reached XP level 7. HP: 36/36 MP: 11/11
  3435 | D:5      | Found a staircase to the Ecumenical Temple.
  3469 | D:5      | Reached skill level 1 in Shields
  3592 | D:5      | Reached skill level 5 in Evocations
  3738 | D:6      | Gained mutation: You have razor-sharp teeth. [Vine Stalker growth]
  3738 | D:6      | Reached XP level 8. HP: 39/42 MP: 12/12
  3764 | D:6      | Found Ominilia's General Store.
  3767 | D:6      | Bought a scroll of identify for 24 gold pieces
  3812 | D:6      | Found a shadowy altar of Dithmenos.
  3836 | D:6      | Gained mutation: You cannot be stealthy. [Ru sacrifice]
  3836 | D:6      | Reached ** piety under Ru
  4225 | D:6      | Learned a level 2 spell: Swiftness
  4286 | D:6      | Reached skill level 1 in Long Blades
  4581 | D:7      | Found a deep blue altar of Sif Muna.
  4612 | D:7      | Reached skill level 2 in Long Blades
  4721 | D:7      | Reached skill level 5 in Fighting
  4721 | D:7      | Reached skill level 3 in Long Blades
  4735 | D:7      | Reached XP level 9. HP: 47/47 MP: 14/14
  4970 | D:7      | Noticed Menkaure
  5037 | D:7      | Reached skill level 4 in Long Blades
  5071 | D:7      | Killed Menkaure
  5090 | D:7      | Noticed Pikel
  5312 | D:7      | Killed Pikel
  5312 | D:7      | Reached skill level 5 in Long Blades
  5491 | D:8      | Noticed Erica
  5570 | D:8      | Noticed Joseph
  5588 | D:8      | Killed Joseph
  5588 | D:8      | Reached skill level 6 in Long Blades
  5617 | D:8      | Reached skill level 5 in Shields
  5617 | D:8      | Reached XP level 10. HP: 21/53 MP: 11/15
  5824 | D:8      | Gained mutation: You cannot study or cast Ice magic. [Ru sacrifice]
  5824 | D:8      | Gained mutation: You cannot study or cast Necromancy magic. [Ru sacrifice]
  5824 | D:8      | Gained mutation: You cannot study or cast Translocations magic. [Ru sacrifice]
  5824 | D:8      | Reached *** piety under Ru
  5893 | D:8      | Got a warped falchion
  5894 | D:8      | Identified the cursed +1 falchion of the Snake Pit {drain, -Tele rElec MR+++ SInv} (You found it on level 8 of the Dungeon)
  5975 | D:8      | Killed Erica
  5975 | D:8      | Reached skill level 7 in Long Blades
  6256 | D:8      | Found Vumeatt's Antique Weapon Boutique.
  6397 | D:8      | Noticed GlassEater's ghost (novice GrFi)
  6954 | D:9      | Reached skill level 1 in Charms
  6954 | D:9      | Reached skill level 1 in Air Magic
  7009 | D:9      | Found a staircase to the Orcish Mines.
  7024 | D:9      | Reached skill level 1 in Spellcasting
  7262 | D:8      | Reached skill level 8 in Long Blades
  7832 | D:10     | Entered Level 10 of the Dungeon
  7834 | D:10     | Noticed a death yak
  7882 | D:10     | Noticed Harold
  7909 | D:10     | Killed Harold
  7909 | D:10     | Reached XP level 11. HP: 58/58 MP: 16/16
  8018 | D:10     | Noticed a death yak
  8021 | D:10     | Noticed a death yak
  8024 | D:10     | Killed a death yak
  8132 | D:10     | Noticed Erolcha
  8141 | D:10     | Cast into level 1 of the Abyss (Erolcha)
  8141 | Abyss:1  | Found a corrupted altar of Lugonu.
  8148 | Abyss:1  | Gained mutation: You are somewhat inexperienced. (-2 XL) [Ru sacrifice]
  8148 | Abyss:1  | Reached XP level 10. HP: 18/55 MP: 4/15
  8148 | Abyss:1  | Reached XP level 9. HP: 18/50 MP: 4/14
  8148 | Abyss:1  | Reached **** piety under Ru
  8148 | Abyss:1  | Reached ***** piety under Ru
  8169 | Abyss:1  | Got a transparent leather armour
  8204 | Abyss:1  | Noticed an apocalypse crab
  8324 | Abyss:1  | Noticed a thrashing horror
  8398 | Abyss:1  | Noticed a queen bee
  8398 | Abyss:1  | a shapeshifter changed into a queen bee
  8399 | Abyss:1  | Noticed a salamander
  8399 | Abyss:1  | a queen bee changed into a salamander
  8399 | Abyss:1  | Gained mutation: You tend to lose your temper in combat. [mutagenic glow]
  8407 | Abyss:1  | Noticed an elephant
  8407 | Abyss:1  | a salamander changed into an elephant
  8419 | Abyss:1  | Killed an elephant
  8447 | Abyss:1  | Noticed a thrashing horror
  8452 | Abyss:1  | Noticed a large abomination
  8457 | Abyss:1  | Killed a thrashing horror
  8457 | Abyss:1  | Reached XP level 10. HP: 51/56 MP: 13/16
  8460 | D:10     | Escaped the Abyss
  8475 | D:10     | Reached skill level 9 in Long Blades
  8478 | D:10     | Killed from afar by Erolcha

Vault maps used:
D:1:      dpeg_arrival_stone_temple_mockup
D:2:      uniq_jessica
D:3:      first_bread, chequers_ecumenical_altar_simple_redux, uniq_terence
D:4:      nicolae_overflow_hidden_temple
D:5:      minmay_temple_entry_glassed_door, due_unseen_surprise
D:6:      serial_shops, nicolae_shop_behind_doors, serial_park_tiny_2,
          grunt_dithmenos_smoke_and_mirrors
D:7:      basic_altar, uniq_menkaure, uniq_pikel
D:8:      serial_shops, shop, uniq_erica, uniq_joseph
D:9:      erik_orc_2, blue_anna_alchemist
D:10:     dpeg_lair_monsters, uniq_snorg, uniq_harold, uniq_erolcha
Abyss:1:  evilmike_abyss_exit_chaos

Skill      XL: |  1  2  3  4  5  6  7  8  9 10 11 |
---------------+----------------------------------+-----
Short Blades   | 1 2 3 4 |  4.8
Stealth        | 2 0 |  0.0
Fighting       | 1 2 3 4 5 6 7 |  7.9
Evocations     | 3 4 5 6 |  6.1
Shields        | 1 3 5 |  5.1
Long Blades    | 3 6 9 |  9.0
Charms         | 2 |  2.3
Air Magic      | 2 |  2.6
Spellcasting   | 2 3 |  3.7
Dodging        | 2 |  2.9

Action                   |  1- 3 |  4- 6 |  7- 9 | 10-12 || total
-------------------------+-------+-------+-------+-------++-------
Melee: Short sword       |   124 |   180 |   156 |       ||   460
       Bite              |    33 |    45 |   132 |    87 ||   297
       Long sword        |       |       |   216 |    16 ||   232
       Scimitar          |       |       |    27 |   210 ||   237
       Falchion          |       |       |       |    10 ||    10
Throw: Javelin           |       |       |     2 |     2 ||     4
Invok: Sacrifice Drink   |       |     1 |       |       ||     1
       Sacrifice Stealth |       |       |     1 |       ||     1
       Draw Out Power    |       |       |     2 |       ||     2
       Sacrifice Experie |       |       |     1 |       ||     1
       Sacrifice Arcana  |       |       |       |     1 ||     1
Evoke: Wand              |     8 |     8 |    32 |    19 ||    67
  Use: Scroll            |     5 |     4 |    13 |     7 ||    29
       Potion            |       |       |     2 |     2 ||     4
 Stab: Sleeping          |     2 |       |       |       ||     2
       Confused          |     2 |       |     7 |     1 ||    10
       Distracted        |       |     1 |     1 |       ||     2
       Paralysed         |       |       |     6 |     3 ||     9
       Invisible         |       |       |     1 |     1 ||     2
  Eat: Chunk             |     1 |     5 |     9 |     9 ||    24
       Fruit             |       |       |     2 |       ||     2
Armor: Leather armour    |     4 |       |       |       ||     4
       Scale mail        |    47 |    60 |   165 |    67 ||   339
Dodge: Dodged            |    81 |    77 |   149 |    73 ||   380
Block: Buckler           |       |       |    58 |    36 ||    94
       Rpst.: Long sword |       |       |    27 |       ||    27
       Scimitar          |       |       |     3 |    20 ||    23

Table legend:
 A = Spawn XP
 B = Non-spawn XP
 C = Spawn XP percentage of total XP
 D = Spawn monster count
 E = Non-spawn monster count
 F = Spawn count percentage of total count
 G = Total turns spent on level
                    A         B        C        D         E        F      G
               +---------+---------+-------+---------+---------+-------+---------
         Total |    1519 |   11825 |  11.4 |       4 |     233 |   1.7 |  8478
               +---------+---------+-------+---------+---------+-------+---------
           D:1 |       0 |      40 |   0.0 |       0 |      20 |   0.0 |   972
           D:2 |       0 |      86 |   0.0 |       0 |      28 |   0.0 |   536
           D:3 |       0 |      77 |   0.0 |       0 |      13 |   0.0 |   467
           D:4 |       0 |     391 |   0.0 |       0 |      23 |   0.0 |   939
           D:5 |       0 |     660 |   0.0 |       0 |      18 |   0.0 |   915
           D:6 |       0 |     813 |   0.0 |       0 |      18 |   0.0 |   813
           D:7 |       0 |    2080 |   0.0 |       0 |      42 |   0.0 |   925
           D:8 |       0 |    3051 |   0.0 |       0 |      22 |   0.0 |  1046
           D:9 |       0 |    1776 |   0.0 |       0 |      35 |   0.0 |  1283
          D:10 |     286 |    2178 |  11.6 |       1 |      12 |   7.7 |   263
       Abyss:1 |    1233 |     673 |  64.7 |       3 |       2 |  60.0 |   319
               +---------+---------+-------+---------+---------+-------+---------
